 Dungeon Crawl Stone Soup version 0.24-a0-358-g53aee78b01 (webtiles) character file.

Game seed: 13115458249486850686

44 Amnesiac the Vexing (level 3, -1/14 HPs)
             Began as a Felid Enchanter on May 25, 2019.
             Slain by Terence
             ... wielding a +0 mace of draining
              (4 damage)
             ... on level 1 of the Dungeon.
             The game lasted 00:07:03 (1281 turns).

Amnesiac the Vexing (Felid Enchanter)               Turns: 1281, Time: 00:07:03

Health: -1/14      AC:  1    Str:  4    XL:     3   Next: 39%
Magic:  0/7        EV: 18    Int: 19    God:
Gold:   80         SH:  0    Dex: 17    Spells: 0/6 levels left
                                        Lives:  0   Deaths: 0

rFire    . . .     SeeInvis +     - Unarmed
rCold    . . .     Gourm    .   (shield unavailable)
rNeg     . . .     Faith    .   (armour unavailable)
rPois    .         Spirit   +   (helmet unavailable)
rElec    .         Reflect  .   (cloak unavailable)
rCorr    .         Harm     .   (gloves unavailable)
MR       .....                  (boots unavailable)
Stlth    +++.......             i - amulet of guardian spirit
HPRegen  0.04/turn              d - +3 ring of intelligence
MPRegen  0.10/turn              (no ring)

@: quick
A: very small, no armour, no weapons or thrown items, stealth, claws 1, fangs 3,
see invisible, carnivore, speed 1, shaggy fur 1, slow metabolism 1, sharp paws
a: no special abilities


You were on level 1 of the Dungeon.
You were very full.

You visited 1 branch of the dungeon, and saw 2 of its levels.

You collected 80 gold pieces.

Inventory:

Jewellery
 d - a +3 ring of intelligence (left paw)
 i - an amulet of guardian spirit (around neck)
Scrolls
 c - a scroll of fear {!r, unknown}
 g - a scroll of enchant weapon {!r, unknown}
 k - a scroll of blinking {!r, unknown}
 l - a scroll of fog {!r, unknown}
 m - a scroll of teleportation {!r, unknown}
Potions
 a - 4 potions of degeneration {!q, unknown}
 e - a potion of heal wounds {!q, unknown}
 f - a potion of haste {!q, unknown}
 h - a potion of curing {!q, unknown}
 j - a potion of might {!q, unknown}
Comestibles
 b - 10 rations


   Skills:
 - Level 2.6 Dodging
 - Level 4.0 Stealth
 * Level 2.8 Unarmed Combat
 - Level 2.0 Spellcasting
 + Level 5.2 Hexes


You couldn't memorise any spells.
You knew the following spells:

 Your Spells              Type           Power        Failure   Level  Hunger
a - Ensorcelled Hibernat  Hex/Ice        ##....       9%          2    ###....
b - Corona                Hex            ###....      1%          1    #......
e - Confuse               Hex            ###.....     6%          3    ###....

Your spell library contained the following spells:

 Spells                   Type           Power        Failure   Level  Hunger
 Tukima's Dance           Hex            ###.....     6%          3    ###....
 Dazzling Spray           Conj/Hex       ##....       17%         3    ###....


Dungeon Overview and Level Annotations

Branches:
Dungeon (2/15)

Altars:

Annotations:
D:1 Terence


Innate Abilities, Weirdness & Mutations

You cannot wear armour.
You are incapable of wielding weapons or throwing items.
Your paws allow you to move quietly. (Stealth)
You have sharp claws.
You have razor-sharp teeth.
You have supernaturally acute eyesight. (SInv)
You are carnivorous and can eat meat at any time.
You cover ground quickly.
You are covered in fur. (AC +1)
You have a slow metabolism.
Your sharp claws are effective at attacking unaware monsters.


Message History

The orc misses you.
You scratch the orc. You bite the orc, but do no damage.
The orc is moderately wounded.
The orc completely misses you.
Casting: Ensorcelled Hibernation (safe; 9% risk of failure)
Confirm with . or Enter, or press ? or * to list all spells.
Aiming: Ensorcelled Hibernation (safe; 9% risk of failure)
Press: ? - help, Shift-Dir - straight line, f - you That would be overly suicidal.
Okay, then.
Casting: Ensorcelled Hibernation (safe; 9% risk of failure)
Confirm with . or Enter, or press ? or * to list all spells.
Aiming: Ensorcelled Hibernation (safe; 9% risk of failure)
Press: ? - help, Shift-Dir - straight line, f - orc
Aim: an orc, wielding a +0 trident (moderately wounded, chance to defeat MR: 60%)
The orc resists with significant effort.
The orc closely misses you. The quokka closely misses you.
Unknown command.
You closely miss the orc.
The orc is moderately wounded.
The quokka misses you.
The orc hits you with a cursed +0 trident.
* * * LOW HITPOINT WARNING * * *
You barely miss the orc.
The orc is moderately wounded.
The quokka misses you.
You closely miss the orc.
The orc is moderately wounded.
The orc closely misses you. The quokka completely misses you.
You closely miss the orc.
The orc is moderately wounded.
The quokka bites you but does no damage.
The orc barely misses you.
You barely miss the orc.
The orc is moderately wounded.
The quokka misses you.
The orc hits you with a cursed +0 trident.
* * * LOW HITPOINT WARNING * * *
The orc misses you. The quokka bites you.
* * * LOW HITPOINT WARNING * * *
You open the door. The quokka closely misses you. The quokka barely misses you.
The orc closely misses you.
There is an open door here.
Casting: Ensorcelled Hibernation (safe; 9% risk of failure)
Confirm with . or Enter, or press ? or * to list all spells.
Aiming: Ensorcelled Hibernation (safe; 9% risk of failure)
Press: ? - help, Shift-Dir - straight line, f/p - orc
Aim: an orc, wielding a +0 trident (lightly wounded, chance to defeat MR: 60%)
The quokka resists with significant effort.
The quokka closely misses you.
Casting: Ensorcelled Hibernation (safe; 9% risk of failure)
Confirm with . or Enter, or press ? or * to list all spells.
You don't have enough magic to cast that spell.
The quokka completely misses you.
There is a stone staircase leading up here.
The quokka closely misses you.
You climb upwards.
Level annotation: Terence Terence asks, "Do you want it fast or slow?"
The hobgoblin misses you. Terence screams, "I want your blood!"
Terence hits you with a +0 mace of draining.
You die...

. ...>### ........## .#
#........# ##### .###
##.##.....## #...# ##....
...........###...####...####.
......##.........g....#.#...
......##.......r@.........#
...............@..........#
......##.................##
......##................###.#.#
.....@.#......................#
.......#................######
##..#....[...............########
##..#.#......(...................
......##.........................


You could see Terence, a quokka and a hobgoblin.

Vanquished Creatures
  An adder (D:2)
  2 worms (D:2)
  5 bats
  2 giant cockroaches (D:1)
  7 goblins
  4 kobolds
  A quokka (D:2)
  A ball python (D:2)
  A frilled lizard (D:2)
  4 rats
28 creatures vanquished.

Notes
Turn   | Place    | Note
-------+----------+-------------------------------------------
     0 | D:1      | Amnesiac the Felid Enchanter began the quest for the Orb.
     0 | D:1      | Reached XP level 1. HP: 7/7 MP: 4/4
   324 | D:1      | Reached XP level 2. HP: 9/11 MP: 4/6
   397 | D:2      | Noticed Terence
   407 | D:2      | Learned a level 2 spell: Ensorcelled Hibernation
   836 | D:2      | Reached skill level 5 in Hexes
   836 | D:2      | Reached XP level 3. HP: 12/14 MP: 4/7
   896 | D:2      | Learned a level 3 spell: Confuse
  1281 | D:1      | Slain by Terence

Levels and vault maps discovered:
D:1:      dpeg_arrival_snail, layout_rooms
D:2:      minmay_inner_zag, layout_basic, uniq_crazy_yiuf_cottage, uniq_terence

Skill      XL: |  1  2 |
---------------+-------+-----
Unarmed Combat | 2 |  2.8
Hexes          | 5 |  5.2
Dodging        | |  2.6
Stealth        | |  4.0
Spellcasting   | |  2.0

Action                   || total
-------------------------++-------
Melee: Unarmed           ||    78
       Bite              ||     7
 Cast: Corona            ||    13
       Ensorcelled Hiber ||    10
       Confuse           ||     5
 Stab: Sleeping          ||     8
       Confused          ||     2
  Eat: Chunk             ||     8
Armor: Skin              ||     6
Dodge: Dodged            ||    96

Table legend:
 A = Non-vault XP
 B = Vault XP
 C = Vault XP percentage of total XP
 D = Non-vault monster count
 E = Vault monster count
 F = Vault count percentage of total count
                 A         B        C        D         E       F
            +---------+---------+-------+---------+---------+-------
      Total |      57 |       6 |   9.5 |      26 |       2 |   7.1
            +---------+---------+-------+---------+---------+-------
        D:1 |      15 |       0 |   0.0 |       9 |       0 |   0.0
        D:2 |      42 |       6 |  12.5 |      17 |       2 |  10.5
            +---------+---------+-------+---------+---------+-------
